 Dungeon Crawl Stone Soup version 0.31-a0-1082-g7d1fb776a8 (webtiles) character file.

Game seed: 11216577683791473882

11902 Flugslaktarn the Martial Artist (level 11, -12/147 HPs)
             Began as an Octopode Shapeshifter on Nov 28, 2023.
             Was a Believer of Ashenzari.
             Mangled by a dire elephant (23 damage)
             ... in a Gauntlet.
             The game lasted 00:08:59 (13295 turns).

Flugslaktarn the Martial Artist (OpSh)             Turns: 13295, Time: 00:08:59

Health: -12/147    AC: 10    Str: 19    XL:     11   Next: 85%
Magic:  11/11      EV: 18    Int: 12    God:    Ashenzari [**....]
Gold:   434        SH:  0    Dex: 16    Spells: 10/10 levels left

rFire   . .          .
                       - Unarmed
rCold   . . .        (shield currently unavailable)
rNeg    + . .        (helmet currently unavailable)
rPois   .            (no amulet)
rElec   .            u - ring of Apeoromancy {Wiz, Elem, Self} (curse)
rCorr   .            v - ring of Toth-Mos's Legacy {EV+5, Dev, Comp} (curse)
SInv    +            B - ring of Ashenzari's Limitation {rN+, Fort, Melee} (curse)
Will    .....        C - ring "Cursed Omen" {Fly, Elem, Dev} (curse) Stlth
                     (no ring)
HPRegen 0.44/turn    (no ring)
MPRegen 0.12/turn    (no ring)
                     (no ring)

%: no teleportation, wizardry (x1)
@: mighty, berserking, snake-form, flying, very quick
A: constrict, boosted hp, almost no armour, amphibious, 8 rings, large,
(camouflage 1), (gelatinous body 1), (nimble swimmer 1), (tentacles)
a: Begin Untransformation, Renounce Religion, Shatter the Chains


You were in a Gauntlet.
You worshipped Ashenzari.
Ashenzari was pleased with you.
You were an enormous anaconda.
You visited 1 branch of the dungeon, and saw 11 of its levels.
You also visited: Gauntlet.

You collected 590 gold pieces.
You spent 156 gold pieces at shops.

Inventory:

Jewellery
 d - the amulet "Dag Qoys" {Regen+ Str+4}
   (You found it in a Gauntlet)

   [amulet of regeneration]

   Str+4:     It affects your strength (+4).
   Regen+:    It increases your rate of health regeneration.
 u - the cursed ring of Apeoromancy (left tentacle) {Wiz, Elem, Self}
   (You bought it in a shop on level 5 of the Dungeon)

   [ring of wizardry]

   Wiz:       It improves your spell success rate.
   It has a curse which improves the following skills: Elements: Fire Magic, Ice
   Magic, Air Magic and Earth Magic.
   Introspection: Fighting and Spellcasting.
 v - the cursed ring of Toth-Mos's Legacy (right tentacle) {EV+5, Dev, Comp}
   (You found it on level 6 of the Dungeon)

   [ring of evasion]

   EV+5:      It affects your evasion (+5).
   It has a curse which improves the following skills: Devices: Evocations and
   Shapeshifting.
   Companions: Summonings and Necromancy.
 B - the cursed ring of Ashenzari's Limitation (on tentacle) {rN+, Fort, Melee}
   (You found it on level 9 of the Dungeon)

   [ring of positive energy]

   rN+:       It protects you from negative energy.
   It has a curse which improves the following skills: Fortitude: Shields.
   Melee Combat: Short Blades, Long Blades, Axes, Maces & Flails, Polearms,
   Staves and Unarmed Combat.
 C - the cursed ring "Cursed Omen" (on tentacle) {Fly, Elem, Dev}
   (You found it in a Gauntlet)

   [ring of flight]

   Fly:       It grants you flight.
   It has a curse which improves the following skills: Elements: Fire Magic, Ice
   Magic, Air Magic and Earth Magic.
   Devices:   Evocations and Shapeshifting.
Talismans
 b - a beast talisman
 c - a flux talisman
 m - a serpent talisman (active)
   (You found it on level 3 of the Dungeon)
Wands
 a - a wand of light (22)
   (You found it on level 5 of the Dungeon)
 g - a wand of digging (17)
   (You found it on level 2 of the Dungeon)
 i - a wand of iceblast (3)
   (You took it off Maurice on level 10 of the Dungeon)
 j - a wand of mindburst (7)
   (You found it on level 10 of the Dungeon)
 y - a wand of paralysis (25)
   (You took it off a gnoll on level 6 of the Dungeon)
Scrolls
 f - 3 scrolls of enchant armour
 k - 3 scrolls of immolation
 l - a scroll of fog
 t - 4 scrolls of teleportation
 A - a scroll of revelation
 D - 2 scrolls of silence
Potions
 e - 2 potions of mutation
 h - a potion of haste
 n - a potion of resistance
 o - a potion of invisibility
 q - 6 potions of curing
 r - a potion of enlightenment
 s - 2 potions of ambrosia
 x - 3 potions of lignification


   Skills:
 + Level 9.6(10.7) Fighting
 + Level 7.7 Dodging
 + Level 10.4(11.6) Unarmed Combat
 + Level 9.9(11.6) Shapeshifting


You had 10 spell levels left.
You didn't know any spells.
Your spell library was empty.

Dungeon Overview and Level Annotations

Branches:
Dungeon (11/15)            Temple (0/1) D:6            Lair (0/5) D:9
    Orc (0/2) D:9         Gauntlet (1/1)

Altars:
Ashenzari
Elyvilon
Fedhas
Hepliaklqana
Okawaru
Qazlal
Ru
Sif Muna
Trog
Uskayaw
Vehumet
Wu Jian
Zin

Shops:
D:5 *   D:7 :   D:10 *

Portals:
Ice
Cave: D:11

Annotations:
Gauntlet 13 transporters


Innate Abilities, Weirdness & Mutations

You are an enormous anaconda.
You have a powerful constriction melee attack.
Your maximum health is increased.
Your armour is entirely melded.
You are incapable of wielding weapons or throwing items.
You cannot wear most types of armour.
You are amphibious.
You can wear up to eight rings at the same time.
((Your skin changes colour to match your surroundings (Stealth+).))
((Your rubbery body absorbs attacks. (AC +1, EV +1)))
((You are camouflaged when in or above water. (Stealth+)))
((You have tentacles for arms and can constrict up to eight enemies at once.))


Message History

You closely miss the yak. Your grab misses the yak.
The yak closely misses you. x2
You hit the yak. Your grab misses the yak.
The yak is lightly wounded.
The yak gores you. x2
You lash the yak! You grab the yak.
The yak is heavily wounded.
You constrict the yak. The yak closely misses you. The yak misses you.
You body-slam the yak!!
You kill the yak!
The yak completely misses you.
You hit the yak. Your grab misses the yak.
The yak is lightly wounded.
You lash the yak!
You kill the yak!
The yak gores you but does no damage.
You barely miss the yak. Your grab misses the yak.
The yak is lightly wounded.
The yak barely misses you.
You lash the yak! You grab the yak.
The yak is heavily wounded.
You constrict the yak. The yak misses you. The yak gores you!
You body-slam the yak!!
You kill the yak!
The yak closely misses you.
You are too injured to fight recklessly!
You are too injured to fight recklessly!
You hit the yak. You grab the yak.
The yak is lightly wounded.
You constrict the yak. You barely miss the yak.
The yak is moderately wounded.
You constrict the yak. The yak completely misses you.
You lash the yak!
The yak is heavily wounded.
You constrict the yak. The yak completely misses you.
You lash the yak!
You kill the yak!
You see here a yak corpse.
You start resting.
HP restored.
There is a transporter here.
You enter the transporter and appear at another place.
There is a transporter here.
The elephant trumpets!
You hear a trumpeting! x2
The hell hound barks!
There is a transporter here.
You enter the transporter and appear at another place.
The elephant tramples you.
You are shoved backwards!
You feel very mighty all of a sudden. The elephant tramples you.
You are shoved backwards!
You lash the elephant!
The elephant is lightly wounded.
You body-slam the elephant!!
The elephant is heavily wounded.
The elephant misses you. x2
You lash the elephant!
The elephant is severely wounded.
You hit the elephant but do no damage.
The elephant is severely wounded.
The dire elephant misses you. The dire elephant barely misses you.
The elephant completely misses you. x2
You lash the elephant!
The elephant is almost dead.
The elephant tramples you!
You hold your ground!
The elephant trunk-slaps you. The dire elephant misses you.
The dire elephant trunk-slaps you. The elephant tramples you.
You hold your ground!
The elephant misses you.
You lash the elephant!
You kill the elephant!
The dire elephant tramples you!
You hold your ground!
The dire elephant trunk-slaps you. The elephant tramples you.
You hold your ground!
The elephant completely misses you.
You lash the dire elephant!
The dire elephant is lightly wounded.
You hit the dire elephant.
The dire elephant is lightly wounded.
The dire elephant tramples you!!
* * * LOW HITPOINT WARNING * * *
You are shoved backwards!
You feel much better. The elephant tramples you.
You hold your ground!
The elephant trunk-slaps you but does no damage.
The dire elephant tramples you!!
* * * LOW HITPOINT WARNING * * *
You hold your ground!
The dire elephant closely misses you.
Blink to where?
Press: ? - help, Dir - move target
As you read the scroll of blinking, it crumbles to dust.
You see here the amulet "Dag Qoys" {Regen+ Str+4}.
d - the amulet "Dag Qoys" {Regen+ Str+4} The dire elephant fails to trigger a net trap.
Okay, then.
A red film seems to cover your vision as you go berserk!
You feel yourself moving faster!
You feel mighty! The dire elephant tramples you!!
* * * LOW HITPOINT WARNING * * *
You are shoved backwards!
Unknown command.
You lash the dire elephant!
The dire elephant is moderately wounded.
The dire elephant tramples you!!
You die...

#.#§...#....#.#R....hhh.#.#
###.#.†.#.#...#.#.#.....#.#.#
#8#.#.^#.©.#..#.#.##...##.#.#
###.#^#..#..#.#.#..##h##..#.#
#.##..#.#..##.#....©h...#.#
###.#..#.^.#..#.#°.#####..#.#
#8#.#^#..#.Y#^#.#h##...##.#.#
###.##..#.#Y.##.#E#.....#.#.#
#.#.[#.©.#S?#.#h.)$©[...#.#
###.###########.###########.#
#8#..........................
###≈.........................
###########################
#8# #8# #8# #8# #8# #8# #8
### ### ### ### ### ### ##


You could see a dire elephant, an elephant, a fire elemental and 2 hell hounds.

Vanquished Creatures
  2 two-headed ogres
  Maurice (D:10)
  A cyclops (D:11)
  An elephant (Gauntlet)
  A torpor snail (Gauntlet)
  A gargoyle (D:10)
  Jeremiah (D:8)
  An unseen horror (D:10)
  A hornet (D:9)
  A shadow (D:10)
  A wyvern (D:9)
  A vampire (D:9)
  18 yaks
  2 steam dragons
  3 swamp worms (Gauntlet)
  2 acid dragons
  3 wargs (D:9)
  A water moccasin (D:6)
  6 orc warriors
  An ogre (D:5)
  A centaur (D:7)
  A phantom (D:6)
  2 kobold brigands
  6 bullfrogs
  A gnoll sergeant (D:10)
  4 scorpions
  27 killer bees
  2 howler monkeys (D:10)
  10 orc priests
  2 hounds
  4 jellies
  A sleepcap (D:7)
  2 gnoll boudas
  2 iguanas
  10 orc wizards
  15 gnolls
  3 adders
  A shadow imp (D:8)
  A white imp (D:6)
  4 ufetubi
  A worm (D:2)
  3 dart slugs
  31 orcs
  2 bats
  8 endoplasms
  2 giant cockroaches
  5 goblins
  5 hobgoblins
  4 quokkas
  10 ball pythons
  3 frilled lizards
  14 kobolds
  4 rats
240 creatures vanquished.

Notes
Turn   | Place    | Note
-------+----------+-------------------------------------------
     0 | D:1      | Flugslaktarn the Octopode Shapeshifter began the quest for
                  | the Orb.
     0 | D:1      | Reached XP level 1. HP: 13/13 MP: 1/1
   269 | D:1      | Reached XP level 2. HP: 13/18 MP: 2/2
   800 | D:2      | You fall into a shaft and drop 2 floors!
   827 | D:4      | Reached XP level 3. HP: 24/24 MP: 3/3
   950 | D:3      | Found an iron altar of Okawaru.
  1039 | D:3      | Found a sacrificial altar of Ru.
  1187 | D:3      | Found a stormy altar of Qazlal.
  1259 | D:2      | Reached XP level 4. HP: 28/29 MP: 4/4
  1752 | D:2      | Found a faded altar of an unknown god.
  1887 | D:3      | Found a radiant altar of Vehumet.
  2566 | D:4      | Noticed a scorpion
  2581 | D:4      | Killed a scorpion
  2582 | D:4      | Reached XP level 5. HP: 35/35 MP: 5/5
  2709 | D:4      | Found a glowing silver altar of Zin.
  3089 | D:4      | Found a bloodstained altar of Trog.
  3221 | D:4      | Found a broken altar of Ashenzari.
  3247 | D:4      | Found an ornate altar of the Wu Jian Council.
  3276 | D:4      | Became a worshipper of Ashenzari the Shackled
  3339 | D:4      | Found a white marble altar of Elyvilon.
  3423 | D:5      | Entered Level 5 of the Dungeon
  3453 | D:5      | Reached skill level 5 in Shapeshifting
  3453 | D:5      | Reached XP level 6. HP: 38/42 MP: 6/6
  3905 | D:5      | Reached XP level 7. HP: 41/47 MP: 7/7
  4261 | D:5      | Found a shimmering blue altar of Sif Muna.
  4286 | D:5      | Found Quiga's Assorted Antiques.
  4293 | D:5      | Bought a runed agate ring for 130 gold pieces
  4293 | D:5      | Bought a scroll labelled QOERPH HURE for 26 gold pieces
  4659 | D:6      | Found a staircase to the Ecumenical Temple.
  4917 | D:6      | Reached skill level 5 in Fighting
  4917 | D:6      | Reached XP level 8. HP: 55/56 MP: 8/8
  5364 | D:6      | Found a hide-covered altar of Uskayaw.
  6095 | D:7      | Found Hoduuz's Book Shop.
  6146 | D:7      | Reached skill level 4 in Unarmed Combat
  6193 | D:7      | Reached XP level 9. HP: 34/63 MP: 9/9
  6551 | D:7      | Reached * piety under Ashenzari
  6812 | D:7      | Reached skill level 5 in Unarmed Combat
  6825 | D:7      | Identified the +0 leather armour of Zedoxt {rC+}
  7032 | D:8      | Reached skill level 6 in Unarmed Combat
  7812 | D:8      | Reached XP level 10. HP: 42/72 MP: 10/10
  7832 | D:8      | Reached skill level 7 in Unarmed Combat
  8199 | D:8      | Noticed Jeremiah
  8214 | D:8      | Killed Jeremiah
  8481 | D:8      | Reached skill level 5 in Dodging
  8662 | D:8      | Reached skill level 8 in Unarmed Combat
  8938 | D:9      | Noticed a two-headed ogre
  9005 | D:9      | Found a staircase to the Lair.
 10000 | D:9      | Reached skill level 9 in Unarmed Combat
 10075 | D:9      | Found a staircase to the Orcish Mines.
 10427 | D:10     | Entered Level 10 of the Dungeon
 10483 | D:10     | Reached XP level 11. HP: 80/80 MP: 11/11
 10633 | D:10     | Found a blossoming altar of Fedhas.
 10640 | D:10     | Noticed a two-headed ogre
 10651 | D:10     | Killed a two-headed ogre
 10717 | D:10     | Found a hazy altar of Hepliaklqana.
 10935 | D:10     | Found Sotasch's Mail-Order Catalogue.
 11097 | D:10     | Noticed Maurice
 11103 | D:10     | Something stole a serpent talisman
 11104 | D:10     | Something stole 36 gold
 11107 | D:10     | Something stole 326 gold
 11136 | D:9      | Killed a two-headed ogre
 11465 | D:10     | Reached skill level 10 in Unarmed Combat
 11618 | D:10     | Killed Maurice
 12210 | D:11     | Noticed a cyclops
 12228 | D:11     | HP: 3/97 [cyclops (7)]
 12229 | D:11     | Killed a cyclops
 12470 | D:11     | Found a frozen archway.
 12490 | D:11     | Found a gate leading to a gauntlet.
 12499 | Gauntlet | Entered a Gauntlet
 12499 | Gauntlet | Found a transporter.
 12508 | Gauntlet | Found a transporter.
 12523 | Gauntlet | Found a transporter.
 12528 | Gauntlet | Found a transporter.
 12541 | Gauntlet | Noticed an occultist
 12544 | Gauntlet | Identified the ring of Lugonu's Condemnation {rF+ Dex+6}
 12544 | Gauntlet | Noticed an arcanist
 12545 | Gauntlet | Found a transporter.
 12559 | Gauntlet | Noticed a hell beast
 12561 | Gauntlet | Identified the ring of Divine Compulsion {rPois rF+ Slay+3}
 12563 | Gauntlet | Found a transporter.
 12575 | Gauntlet | Found a transporter.
 12583 | Gauntlet | Noticed a death yak
 12583 | Gauntlet | Noticed a necromancer
 12584 | Gauntlet | Noticed a death yak
 12586 | Gauntlet | Noticed a death yak
 12587 | Gauntlet | Found a transporter.
 12598 | Gauntlet | Identified the +0 hat of the Locust {Drain rF- Will+++
                  | rCorr}
 12599 | Gauntlet | Found a transporter.
 12608 | Gauntlet | Identified the amulet "Dag Qoys" {Regen+ Str+4}
 12611 | Gauntlet | Found a transporter.
 12623 | Gauntlet | Noticed a dire elephant
 12628 | Gauntlet | Found a transporter.
 12646 | Gauntlet | Found a transporter.
 12648 | Gauntlet | Found a transporter.
 12673 | Gauntlet | Found a transporter.
 12675 | Gauntlet | Found a transporter.
 12695 | Gauntlet | Found a transporter.
 12773 | Gauntlet | Found a transporter.
 12793 | Gauntlet | Found a transporter.
 13028 | Gauntlet | Reached ** piety under Ashenzari
 13295 | Gauntlet | Mangled by a dire elephant

Illustrated notes

Levels and vault maps discovered:
D:1:      eino_arrival_cavern_a, layout_loops_ring
D:2:      layout_loops_ring, hellmonk_ecumenical_altar_blasted,
          kennysheep_generic_room_9
D:3:      layout_basic, mainiacjoe_overflow_big_doors, nicolae_overflow_squiral,
          grunt_ministairs_11, minivault_27, chequers_garden,
          nicolae_figureground_pulse
D:4:      layout_basic, nicolae_overflow_quartered_altars,
          amcnicky_altar_gilded, hangedman_abyss_or_decor_jellyfish_corner
D:5:      layout_rooms, lemuel_blue_sif_altar, serial_shops, shop,
          corexii_leaking_fountain
D:6:      layout_basic, kennysheep_mini_moat,
          minmay_temple_entry_drinking_statues
D:7:      layout_basic, serial_shops, shop
D:8:      layout_basic, uniq_jeremiah
D:9:      layout_roguey, lair_entry_dummy, minmay_orc_entry_guard_dogs,
          minmay_misc_feat_ornament, lemuel_flame_loot_1
D:10:     layout_layer_cave, fedhas_altar_3, mainiacjoe_overflow_catwalk,
          minmay_variable_closet, monkooky_shop_mail_order, uniq_maurice
D:11:     layout_loops_corners, gauntlet_entry_generic,
          portal_ice_cave_entry_pillars_1
Gauntlet: gammafunk_gauntlet_one_two_three [gammafunk_gauntlet_arena_corners,
          gammafunk_gauntlet_arena_spirals, nicolae_gauntlet_arena_x,
          gammafunk_gauntlet_arena_teeth, nicolae_gauntlet_arena_t_cross,
          gammafunk_gauntlet_arena_mazey, gammafunk_gauntlet_arena_grid,
          gammafunk_gauntlet_arena_split_x,
          gammafunk_gauntlet_arena_arrow_garden, gauntlet_exit_hidden_loot]

Skill      XL: |  1  2  3  4  5  6  7  8  9 10 11 |
---------------+----------------------------------+-----
Fighting       | 2 3 5 6 7 8 9 |  9.6
Shapeshifting  | 4 5 7 8 9 |  9.9
Unarmed Combat | 4 6 9 10 | 10.4
Dodging        | 4 6 7 |  7.7

Action                     |  1- 3 |  4- 6 |  7- 9 | 10-12 || total
---------------------------+-------+-------+-------+-------++-------
  Melee: Unarmed           |    40 |    96 |   273 |   285 ||   694
         Tentacles         |    10 |    18 |    29 |       ||    57
         Constrict         |    11 |    20 |    64 |    60 ||   155
         Punch             |     1 |     3 |     4 |       ||     8
 Invoke: Curse Item        |       |       |     2 |     2 ||     4
    Use: Scroll            |       |     8 |     3 |     2 ||    13
         Potion            |       |     4 |       |     7 ||    11
   Stab: Sleeping          |     9 |    11 |     2 |       ||    22
         Invisible         |       |     2 |       |       ||     2
         Distracted        |       |       |     1 |       ||     1
 Armour: Skin              |    13 |    47 |   124 |   176 ||   360
  Dodge: Dodged            |    18 |    34 |   152 |   208 ||   412
   Form: Anaconda          |       |       |     1 |       ||     1

Table legend: (Time is in decaauts)
 A = Elapsed time spent in this place.
 B = Non-inter-level travel time spent in this place.
 C = Inter-level travel time spent in this place.
 D = Time resting spent in this place.
 E = Time spent auto-exploring this place.
 F = Levels seen in this place.
 G = Mean time per level.
                   A        B        C        D        E       F      G
               +--------+--------+--------+--------+--------+-----+--------+
         Total |  13219 |  12747 |    472 |   2679 |   8077 |  12 | 1101.6 |
       Dungeon |  12429 |  11957 |    472 |   2405 |   7787 |  11 | 1129.9 |
      Gauntlet |    790 |    790 |      0 |    274 |    290 |   1 |  790.0 |
               +--------+--------+--------+--------+--------+-----+--------+

Top non-repeatable levels by time:
     D:8: 2005 daAuts
     D:9: 1617 daAuts
    D:10: 1571 daAuts
     D:6: 1480 daAuts
     D:4: 1051 daAuts
     D:3: 1022 daAuts
     D:7: 980 daAuts
     D:5: 967 daAuts
Gauntlet: 790 daAuts
     D:1: 717 daAuts
     D:2: 713 daAuts
    D:11: 302 daAuts
